Description

Based on Vibe's B2GM series when covering Terran at Diamond 2 level

VOD

https://youtu.be/aOG0cuJ0p1g?t=3346

Build Order

Get SALT Encoding   

  14  0:17  Supply Depot  
  16  0:46  Barracks  
  16  0:47  Refinery  
  20  1:35  Reaper  Rally to opponent's base
  21  1:40  Orbital Command  
  21  1:47  Command Center  Natural expo
  21  2:02  Supply Depot  
  22  2:09  Marine  Rally on main ramp
  23  2:14  Barracks  
  24  2:26  Factory  
  24  2:33  Barracks Reactor  
  26  2:51  Refinery  
  26  2:59  Orbital Command  
  27  3:03  Barracks Tech Lab  
  29  3:12  Starport  
  31  3:32  Stimpack  
  36  3:45  Factory Reactor  Swap w/ Starport
  38  3:56  Starport Tech Lab  Swap w/ Factory
  48  4:28  Siege Tank  
  53  4:30  Medivac  
  62  4:58  Refinery x2  
  74  5:34  Barracks x3  Move out w/ army
Spawning Tool Build Advisor. Get it on Overwolf

Analysis

-You're only going to make enough SCV's to fully saturate two bases. All subsequent income goes to production and army.

-By the time you move out after dropping three more Barracks, you should have at least two Siege Tanks with you and one Medivac.

-Constant Marine production. Once the first Barracks Reactor is finished, nonstop Marine's. Once the Tech Lab on the second Barracks finishes, nonstop Marine's as well.

-Vibe rally's his army production outside his opponents base because the push is going really well.

-As with any build, do not assume this works every time. If your opponent is going for early aggression, especially against Zerg, cut the build and play defensive. Your build should depend on what you see your opponent doing.

Go to:

Details

  • Created by: zebulajams    
  • Published on: Dec 02, 2021
  • Modified on: Dec 02, 2021
  • Patch: 4.11.0
  • Difficulty: Easy
Show
View Real Time Build Order
Export as new Build Order

Comments (0)

There are no comments. Be the first!

Create an account to comment!